Canadiens vs Lightning
Created - April 15, 2019 at 19:01
Goals
|
| Canadiens |
0 |
1 |
0 |
1 |
| Lightning |
1 |
0 |
2 |
3 |
|
Shots
|
| Canadiens |
11 |
13 |
9 |
33 |
| Lightning |
6 |
10 |
11 |
27 |
|
1st period
1. Lightning , Danny Richmond 2 (Justin Schultz 31) at 16:43
Penalties :
Pierre-Marc Bouchard (Mon) for Hooking (Minor) at 2:08, Robert Nilsson (TB.) for High sticking (Minor) at 8:44, Frans Nielsen (Mon) for Roughing (Minor) at 12:17
2nd period
2. Canadiens , Pierre-Marc Bouchard 23 (Evgeny Dadonov 34, Viktor Stalberg 23) at 9:28
Penalties :
Kris Versteeg (TB.) for High sticking (Double Minor) at 12:10
3rd period
3. Lightning , Steve Bernier 20 (Jordan Nolan 28, Daniel Carcillo 22) at 15:34
4. Lightning , Jordan Nolan 21 (Henrik Zetterberg 54) at 18:55 (SH)
Penalties :
Colton Parayko (Mon) for Tripping (Minor) at 5:58, Danny Richmond (TB.) for Tripping (Minor) at 17:30
Goalie Stats
Henrik Lundqvist (Mon), 24 saves from 27 shots - (0.889), L, 30-24-7, 60:00 minutes
Jaroslav Halak (TB.), 32 saves from 33 shots - (0.970), W, 34-20-5, 60:00 minutes
Players Stats for Canadiens
Player Name G A P +/- PIM S H SB GA TA FO MP PP MP PK MP
------------------------------------------------------------------------------------
Andrew Alberts 0 0 0 0 0 3 1 2 0 0 0/0 19:09 1:13 4:01
Brett Maclean 0 0 0 -1 0 2 1 1 0 1 0/0 13:15 0:00 1:17
Charles Hudon 0 0 0 0 0 0 0 0 0 0 0/0 7:47 0:50 0:00
Colton Parayko 0 0 0 0 2 0 3 2 0 1 0/0 19:32 3:22 1:39
David Jones 0 0 0 -1 0 3 2 1 1 0 0/0 12:58 0:51 0:00
Dustin Boyd 0 0 0 -1 0 2 3 0 0 0 2/3 14:31 0:50 1:34
Enver Lisin 0 0 0 0 0 5 1 0 0 0 0/0 6:55 0:00 0:00
Evgeny Dadonov 0 1 1 1 0 1 0 0 0 0 0/0 15:22 2:56 0:00
Frans Nielsen 0 0 0 -2 2 1 3 0 2 0 12/25 19:53 4:11 0:56
Greg Stewart 0 0 0 -1 0 2 0 0 0 1 2/2 18:43 2:56 1:13
Mark Stuart 0 0 0 -2 0 2 2 0 0 1 0/0 24:59 2:43 2:40
Pierre-Marc Bouchard 1 0 1 1 2 6 1 0 1 0 8/14 15:25 2:56 0:00
Raphael Diaz 0 0 0 -3 0 3 5 1 0 1 0/0 24:19 4:07 0:00
Shaone Morrisonn 0 0 0 1 0 0 1 0 0 0 0/0 15:29 0:08 2:59
Steve Downie 0 0 0 -2 0 2 1 0 0 1 0/2 22:14 4:10 3:27
Tomas Plekanec 0 0 0 0 0 1 1 0 1 0 5/7 10:21 0:00 3:27
Viktor Stalberg 0 1 1 0 0 0 2 0 0 0 1/1 16:36 4:11 0:00
Vitaly Vishnevsky 0 0 0 0 0 0 1 0 0 1 0/0 16:32 4:21 0:35
Players Stats for Lightning
Player Name G A P +/- PIM S H SB GA TA FO MP PP MP PK MP
------------------------------------------------------------------------------------
Andy Rogers 0 0 0 0 0 4 3 1 1 0 0/0 27:12 3:05 4:11
Daniel Carcillo 0 1 1 0 0 7 1 0 0 1 0/1 17:30 2:59 1:27
Danny Richmond 1 0 1 2 2 2 3 2 1 0 0/0 21:52 2:52 2:43
Gabriel Landeskog 0 0 0 0 0 1 0 0 1 1 0/1 13:08 0:47 2:11
Henrik Zetterberg 0 1 1 1 0 3 0 1 0 0 0/0 20:03 2:07 1:25
Jan Bulis 0 0 0 0 0 1 1 0 0 1 3/7 11:22 0:18 1:10
Jeff Schultz 0 0 0 0 0 0 3 0 1 1 0/0 27:12 3:05 4:11
Jordan Nolan 1 1 2 1 0 3 3 3 0 0 10/17 19:13 2:59 3:10
Justin Schultz 0 1 1 2 0 0 0 1 0 0 0/0 22:05 2:52 2:54
Kris Versteeg 0 0 0 0 4 1 3 1 2 1 0/0 20:59 2:10 1:57
Kurt Sauer 0 0 0 0 0 0 0 2 0 0 0/0 10:21 0:00 0:29
Matt Tennyson 0 0 0 0 0 0 0 1 0 0 0/0 11:38 0:00 1:26
Mikael Backlund 0 0 0 1 0 0 0 0 0 0 1/2 6:06 0:00 0:00
Pierre-Luc Létourneau 0 0 0 1 0 0 1 0 0 0 0/1 8:24 0:03 2:02
Reilly Smith 0 0 0 1 0 0 0 0 0 0 0/0 6:40 0:43 0:00
Robert Nilsson 0 0 0 0 2 2 1 0 1 0 10/25 21:34 2:10 2:32
Sheldon Keefe 0 0 0 0 0 1 1 0 0 0 0/0 10:40 0:38 0:00
Steve Bernier 1 0 1 0 0 2 3 0 0 0 0/0 16:01 2:57 0:00
3 Stars
1 - Jaroslav Halak (TB.)
2 - Jordan Nolan (TB.)
3 - Danny Richmond (TB.)
Power Play
Canadiens - 0 on 4 Attempt(s) - 0.00%
Lightning - 0 on 3 Attempt(s) - 0.00%
Penalty Kill
Canadiens - 3 on 3 Attempt(s) - 100.00%
- Score 0 goal in Penalty Kill
Lightning - 4 on 4 Attempt(s) - 100.00%
- Score 1 goal in Penalty Kill
Team Stat
Canadiens - Hits : 28 - Faceoff Wins : 30 - Blocked Shots : 7 - Penalty Minutes : 6
Lightning - Hits : 23 - Faceoff Wins : 24 - Blocked Shots : 12 - Penalty Minutes : 8
Official
Referees : Unknown
Linesman : Unknown
Game Notes
No Game Note
Finance
Level 1 -- Attendance: 3662 (61.03%) -- Ticket Income $421,130
Level 2 -- Attendance: 3638 (72.76%) -- Ticket Income $232,832
Level 3 -- Attendance: 1268 (63.40%) -- Ticket Income $55,792
Level 4 -- Attendance: 2463 (61.58%) -- Ticket Income $98,520
Luxury Box -- Attendance: 702 (70.20%) -- Ticket Income $150,930
Game was played at the Tampa Bay Stadium.
Total Attendance: 11733 (65.18%)
Total Ticket Income: $959,204
Other Income: $143,881
Total Income: $1,103,085
Canadiens
5 vs 5 Forward
Center Left Wing Right Wing Time % Phy DF OF
1 Frans Nielsen Greg Stewart Steve Downie 40 0 1 4
2 Pierre-Marc Bouchard Viktor Stalberg Evgeny Dadonov 30 0 1 4
3 Dustin Boyd Brett Maclean David Jones 20 0 2 3
4 Tomas Plekanec Charles Hudon Enver Lisin 10 0 3 2
5 vs 5 Defense
Defense Defense Time % Phy DF OF
1 Mark Stuart Raphael Diaz 40 0 2 3
2 Andrew Alberts Colton Parayko 30 0 2 3
3 Vitaly Vishnevsky Shaone Morrisonn 20 0 3 2
4 Colton Parayko Raphael Diaz 10 0 3 2
PowerPlay Forward
Center Left Wing Right Wing Time % Phy DF OF
1 Frans Nielsen Viktor Stalberg Steve Downie 60 0 0 5
2 Pierre-Marc Bouchard Greg Stewart Evgeny Dadonov 40 0 0 5
PowerPlay Defense
Defense Defense Time % Phy DF OF
1 Raphael Diaz Vitaly Vishnevsky 60 0 1 4
2 Colton Parayko Mark Stuart 40 0 1 4
Penalty Kill 4 Players Forward
Center Wing Time % Phy DF OF
1 Tomas Plekanec Steve Downie 60 0 5 0
2 Dustin Boyd Brett Maclean 40 0 5 0
Penalty Kill 4 Players Defense
Defense Defense Time % Phy DF OF
1 Shaone Morrisonn Andrew Alberts 60 1 4 0
2 Colton Parayko Mark Stuart 40 1 4 0
Penalty Kill - 3 Players Forward
Forward Time % Phy DF OF
1 Tomas Plekanec 60 0 5 0
2 Dustin Boyd 40 0 5 0
Penalty Kill - 3 Players Defense
Defense Defense Time % Phy DF OF
1 Shaone Morrisonn Andrew Alberts 60 0 5 0
2 Mark Stuart Vitaly Vishnevsky 40 0 5 0
4 vs 4 Forward
Center Wing Time % Phy DF OF
1 Pierre-Marc Bouchard Greg Stewart 60 0 2 3
2 Frans Nielsen Brett Maclean 40 0 2 3
4 vs 4 Defense
Defense Defense Time % Phy DF OF
1 Vitaly Vishnevsky Mark Stuart 60 0 2 3
2 Colton Parayko Raphael Diaz 40 0 2 3
Last Minutes Offensive
Center Left Wing Right Wing Defense Defense
Frans Nielsen Greg Stewart Evgeny Dadonov Vitaly Vishnevsky Raphael Diaz
Last Minutes Defensive
Center Left Wing Right Wing Defense Defense
Tomas Plekanec Viktor Stalberg Steve Downie Shaone Morrisonn Colton Parayko
Goaltenders
Starting : Henrik Lundqvist
Backup : Allen York
Extra Forwards
Normal : Pierre-Marc Bouchard, Frans Nielsen, Greg Stewart - PP : Greg Stewart, Frans Nielsen - PK : Tomas Plekanec
Extra Defensemen
Normal : Vitaly Vishnevsky, Raphael Diaz, Shaone Morrisonn - PP : Vitaly Vishnevsky - PK : Mark Stuart, Colton Parayko
Penalty Shots
Viktor Stalberg, Frans Nielsen, Greg Stewart, Pierre-Marc Bouchard, Steve Downie
Scratches
Adam Pardy (Healthy), Dustin Kohn (Healthy), Marcel Goc (Healthy), Nikolai Zherdev (Healthy), Scott Hartnell (Sprained Left Ankle Injury)
Wes O'Neill (Healthy)
Lightning
5 vs 5 Forward
Center Left Wing Right Wing Time % Phy DF OF
1 Robert Nilsson Henrik Zetterberg Kris Versteeg 40 1 2 2
2 Jordan Nolan Daniel Carcillo Steve Bernier 30 1 2 2
3 Jan Bulis Gabriel Landeskog Sheldon Keefe 20 1 2 2
4 Mikael Backlund Pierre-Luc Létourneau Reilly Smith 10 1 2 2
5 vs 5 Defense
Defense Defense Time % Phy DF OF
1 Jeff Schultz Andy Rogers 40 1 2 2
2 Justin Schultz Danny Richmond 30 1 2 2
3 Kurt Sauer Matt Tennyson 20 1 2 2
4 Jeff Schultz Andy Rogers 10 1 2 2
PowerPlay Forward
Center Left Wing Right Wing Time % Phy DF OF
1 Robert Nilsson Henrik Zetterberg Kris Versteeg 60 1 2 2
2 Jordan Nolan Daniel Carcillo Steve Bernier 40 1 2 2
PowerPlay Defense
Defense Defense Time % Phy DF OF
1 Jeff Schultz Andy Rogers 60 1 2 2
2 Justin Schultz Danny Richmond 40 1 2 2
Penalty Kill 4 Players Forward
Center Wing Time % Phy DF OF
1 Robert Nilsson Kris Versteeg 60 1 2 2
2 Henrik Zetterberg Jordan Nolan 40 1 2 2
Penalty Kill 4 Players Defense
Defense Defense Time % Phy DF OF
1 Jeff Schultz Andy Rogers 60 1 2 2
2 Justin Schultz Danny Richmond 40 1 2 2
Penalty Kill - 3 Players Forward
Forward Time % Phy DF OF
1 Robert Nilsson 60 1 2 2
2 Kris Versteeg 40 1 2 2
Penalty Kill - 3 Players Defense
Defense Defense Time % Phy DF OF
1 Jeff Schultz Andy Rogers 60 1 2 2
2 Justin Schultz Danny Richmond 40 1 2 2
4 vs 4 Forward
Center Wing Time % Phy DF OF
1 Robert Nilsson Kris Versteeg 60 1 2 2
2 Henrik Zetterberg Jordan Nolan 40 1 2 2
4 vs 4 Defense
Defense Defense Time % Phy DF OF
1 Jeff Schultz Andy Rogers 60 1 2 2
2 Justin Schultz Danny Richmond 40 1 2 2
Last Minutes Offensive
Center Left Wing Right Wing Defense Defense
Robert Nilsson Henrik Zetterberg Kris Versteeg Jeff Schultz Andy Rogers
Last Minutes Defensive
Center Left Wing Right Wing Defense Defense
Robert Nilsson Henrik Zetterberg Kris Versteeg Jeff Schultz Andy Rogers
Goaltenders
Starting : Jaroslav Halak
Backup : Adam Munro
Extra Forwards
Normal : Gabriel Landeskog, Sheldon Keefe, Pierre-Luc Létourneau - PP : Gabriel Landeskog, Sheldon Keefe - PK : Pierre-Luc Létourneau
Extra Defensemen
Normal : Kurt Sauer, Matt Tennyson, Justin Schultz - PP : Kurt Sauer - PK : Matt Tennyson, Justin Schultz
Penalty Shots
Robert Nilsson, Kris Versteeg, Henrik Zetterberg, Jordan Nolan, Daniel Carcillo
Scratches
John Carlson (Healthy)
% Time on Ice - Canadiens
Lines # - Real PCT - Wanted PCT - Time Play
Normal Forward
1 - 33% - 40% - 15:03
2 - 27% - 30% - 12:26
3 - 25% - 20% - 11:42
4 - 15% - 10% - 6:55
Normal Defense
1 - 40% - 40% - 18:39
2 - 29% - 30% - 13:30
3 - 27% - 20% - 12:17
4 - 4% - 10% - 1:40
PP Forward
1 - 60% - 60% - 4:47
2 - 40% - 40% - 3:10
PP Defense
1 - 64% - 60% - 5:05
2 - 36% - 40% - 2:52
PK Forward
1 - 75% - 60% - 4:27
2 - 25% - 40% - 1:30
PK Defense
1 - 45% - 60% - 2:42
2 - 55% - 40% - 3:15
PK3 Forward
1 - 0% - 60%
2 - 0% - 40%
PK3 Defense
1 - 0% - 60%
2 - 0% - 40%
44 Forward
1 - 0% - 60%
2 - 0% - 40%
44 Defense
1 - 0% - 60%
2 - 0% - 40%
Last Minute Offensive - 0:00
Last Minute Defensive - 0:00
Total
Forward - 60:00
Defense - 60:00
|
% Time on Ice - Lightning
Lines # - Real PCT - Wanted PCT - Time Play
Normal Forward
1 - 37% - 40% - 17:03
2 - 28% - 30% - 13:04
3 - 21% - 20% - 9:53
4 - 13% - 10% - 6:06
Normal Defense
1 - 40% - 40% - 18:20
2 - 34% - 30% - 15:48
3 - 21% - 20% - 9:52
4 - 5% - 10% - 2:06
PP Forward
1 - 41% - 60% - 2:28
2 - 59% - 40% - 3:29
PP Defense
1 - 52% - 60% - 3:05
2 - 48% - 40% - 2:52
PK Forward
1 - 82% - 60% - 6:32
2 - 18% - 40% - 1:25
PK Defense
1 - 64% - 60% - 5:03
2 - 36% - 40% - 2:54
PK3 Forward
1 - 0% - 60%
2 - 0% - 40%
PK3 Defense
1 - 0% - 60%
2 - 0% - 40%
44 Forward
1 - 0% - 60%
2 - 0% - 40%
44 Defense
1 - 0% - 60%
2 - 0% - 40%
Last Minute Offensive - 0:00
Last Minute Defensive - 0:00
Total
Forward - 60:00
Defense - 60:00
|
Play-by-Play
1st period
0:01 of 1st period - Robert Nilsson wins face-off versus Frans Nielsen in neutral zone.
0:04 of 1st period - Frans Nielsen is hit by Kris Versteeg and loses puck.
0:27 of 1st period - Robert Nilsson is hit by David Jones and loses puck.
0:40 of 1st period - Kris Versteeg is hit by Raphael Diaz and loses puck.
0:56 of 1st period - David Jones is hit by Kris Versteeg and loses puck.
1:15 of 1st period - Snap shot by David Jones.
1:15 of 1st period - Shot Misses the Net.
1:17 of 1st period - Slapshot by Mark Stuart.
1:17 of 1st period - Stopped by Jaroslav Halak with a rebound.
1:19 of 1st period - Wrist shot by David Jones.
1:19 of 1st period - Shot Misses the Net.
1:42 of 1st period - Wrist shot by David Jones.
1:42 of 1st period - Shot Blocked by Kurt Sauer.
2:00 of 1st period - Wrist shot by David Jones.
2:00 of 1st period - Stopped by Jaroslav Halak without a rebound.
2:01 of 1st period - Jordan Nolan wins face-off versus Pierre-Marc Bouchard in Lightning zone.
2:01 of 1st period - Jordan Nolan is hit by Colton Parayko.
2:08 of 1st period - Minor Penalty to Pierre-Marc Bouchard for Hooking.
2:09 of 1st period - Jordan Nolan wins face-off versus Steve Downie in Canadiens zone.
4:08 of 1st period - Penalty to Pierre-Marc Bouchard is over, Pierre-Marc Bouchard is back on ice.
5:41 of 1st period - Backhand shot by Tomas Plekanec.
5:41 of 1st period - Stopped by Jaroslav Halak without a rebound.
5:42 of 1st period - Mikael Backlund wins face-off versus Tomas Plekanec in Lightning zone.
5:49 of 1st period - Snap shot by Pierre-Luc Létourneau.
5:49 of 1st period - Shot Blocked by Andrew Alberts.
7:11 of 1st period - Andrew Alberts is hit by Pierre-Luc Létourneau and loses puck.
7:26 of 1st period - Snap shot by Henrik Zetterberg.
7:26 of 1st period - Stopped by Henrik Lundqvist with a rebound.
7:36 of 1st period - Wrist shot by Henrik Zetterberg.
7:36 of 1st period - Shot Misses the Net.
7:51 of 1st period - Off-side.
7:52 of 1st period - Jordan Nolan wins face-off versus Frans Nielsen in neutral zone.
7:55 of 1st period - Snap shot by Steve Bernier.
7:55 of 1st period - Stopped by Henrik Lundqvist with a rebound.
8:22 of 1st period - Vitaly Vishnevsky is hit by Danny Richmond and loses puck.
8:42 of 1st period - Wrist shot by Evgeny Dadonov.
8:42 of 1st period - Stopped by Jaroslav Halak with a rebound.
8:44 of 1st period - Minor Penalty to Robert Nilsson for High sticking.
8:45 of 1st period - Frans Nielsen wins face-off versus Pierre-Luc Létourneau in Lightning zone.
9:10 of 1st period - Kris Versteeg is hit by Vitaly Vishnevsky and loses puck.
10:03 of 1st period - Vitaly Vishnevsky is hit by Kris Versteeg and loses puck.
10:32 of 1st period - Colton Parayko is hit by Jeff Schultz and loses puck.
10:44 of 1st period - Penalty to Robert Nilsson is over, Robert Nilsson is back on ice.
10:53 of 1st period - Slapshot by David Jones.
10:53 of 1st period - Stopped by Jaroslav Halak without a rebound.
10:54 of 1st period - Jordan Nolan wins face-off versus Dustin Boyd in Lightning zone.
11:03 of 1st period - Brett Maclean is hit by Jordan Nolan and loses puck.
11:10 of 1st period - Steve Bernier is hit by Dustin Boyd and loses puck.
11:19 of 1st period - Snap shot by David Jones.
11:19 of 1st period - Shot Misses the Net.
11:21 of 1st period - Snap shot by Raphael Diaz.
11:21 of 1st period - Shot Blocked by Jordan Nolan.
11:23 of 1st period - Slapshot by Mark Stuart.
11:23 of 1st period - Shot Misses the Net.
11:36 of 1st period - Danny Richmond is hit by Brett Maclean and loses puck.
11:43 of 1st period - Wrist shot by David Jones.
11:43 of 1st period - Stopped by Jaroslav Halak with a rebound.
11:58 of 1st period - Snap shot by Brett Maclean.
11:58 of 1st period - Shot Misses the Net.
12:00 of 1st period - Snap shot by Andrew Alberts.
12:00 of 1st period - Shot Misses the Net.
12:02 of 1st period - Backhand shot by Andrew Alberts.
12:02 of 1st period - Stopped by Jaroslav Halak without a rebound.
12:03 of 1st period - Robert Nilsson wins face-off versus Frans Nielsen in Lightning zone.
12:17 of 1st period - Minor Penalty to Frans Nielsen for Roughing.
12:18 of 1st period - Tomas Plekanec wins face-off versus Robert Nilsson in Canadiens zone.
12:53 of 1st period - Off-side.
12:54 of 1st period - Dustin Boyd wins face-off versus Jordan Nolan in neutral zone.
13:15 of 1st period - Wrist shot by Kris Versteeg.
13:15 of 1st period - Shot Blocked by Colton Parayko.
13:44 of 1st period - Icing by Jeff Schultz.
13:45 of 1st period - Tomas Plekanec wins face-off versus Robert Nilsson in Lightning zone.
13:48 of 1st period - Snap shot by Steve Downie.
13:48 of 1st period - Shot Blocked by Henrik Zetterberg.
13:54 of 1st period - Andrew Alberts is hit by Andy Rogers and loses puck.
14:17 of 1st period - Penalty to Frans Nielsen is over, Frans Nielsen is back on ice.
14:30 of 1st period - Snap shot by Viktor Stalberg.
14:30 of 1st period - Shot Misses the Net.
14:32 of 1st period - Snap shot by Pierre-Marc Bouchard.
14:32 of 1st period - Stopped by Jaroslav Halak with a rebound.
14:34 of 1st period - Slapshot by Colton Parayko.
14:34 of 1st period - Shot Misses the Net.
14:36 of 1st period - Wrist shot by Viktor Stalberg.
14:36 of 1st period - Shot Misses the Net.
14:38 of 1st period - Backhand shot by Colton Parayko.
14:38 of 1st period - Shot Blocked by Justin Schultz.
14:40 of 1st period - Snap shot by Pierre-Marc Bouchard.
14:40 of 1st period - Stopped by Jaroslav Halak without a rebound.
14:41 of 1st period - Pierre-Marc Bouchard wins face-off versus Robert Nilsson in Lightning zone.
15:06 of 1st period - Shaone Morrisonn is hit by Steve Bernier and loses puck.
15:35 of 1st period - Shaone Morrisonn is hit by Jan Bulis and loses puck.
16:37 of 1st period - Wrist shot by Dustin Boyd.
16:37 of 1st period - Shot Blocked by Danny Richmond.
16:43 of 1st period - Slapshot by Danny Richmond.
16:43 of 1st period - Goal by Danny Richmond - Canadiens : 0 - Lightning : 1.
16:44 of 1st period - Robert Nilsson wins face-off versus Frans Nielsen in neutral zone.
17:17 of 1st period - Slapshot by Daniel Carcillo.
17:17 of 1st period - Stopped by Henrik Lundqvist with a rebound.
17:21 of 1st period - Snap shot by Daniel Carcillo.
17:21 of 1st period - Deflect By Jordan Nolan.
17:21 of 1st period - Stopped by Henrik Lundqvist with a rebound.
17:23 of 1st period - Slapshot by Jeff Schultz.
17:23 of 1st period - Shot Misses the Net.
17:33 of 1st period - Slapshot by Andrew Alberts.
17:33 of 1st period - Stopped by Jaroslav Halak without a rebound.
17:34 of 1st period - Tomas Plekanec wins face-off versus Jan Bulis in Lightning zone.
18:10 of 1st period - Snap shot by Greg Stewart.
18:10 of 1st period - Shot Misses the Net.
18:26 of 1st period - Icing by Pierre-Marc Bouchard.
18:27 of 1st period - Pierre-Marc Bouchard wins face-off versus Jordan Nolan in Canadiens zone.
19:22 of 1st period - Wrist shot by Sheldon Keefe.
19:22 of 1st period - Stopped by Henrik Lundqvist with a rebound.
19:32 of 1st period - Mikael Backlund is hit by Dustin Boyd and loses puck.
19:43 of 1st period - Wrist shot by Dustin Boyd.
19:43 of 1st period - Stopped by Jaroslav Halak with a rebound.
19:54 of 1st period - Off-side.
19:55 of 1st period - Pierre-Marc Bouchard wins face-off versus Jordan Nolan in neutral zone.
19:58 of 1st period - Andy Rogers is hit by Raphael Diaz and loses puck.
Goals for this period are 0 for Canadiens vs 1 for Lightning .
Shots for this period are 11 for Canadiens vs 6 for Lightning .
2nd period
0:01 of 2nd period - Robert Nilsson wins face-off versus Frans Nielsen in neutral zone.
0:08 of 2nd period - Jeff Schultz is hit by Raphael Diaz and loses puck.
0:27 of 2nd period - Kris Versteeg is hit by Enver Lisin.
0:34 of 2nd period - Snap shot by Enver Lisin.
0:34 of 2nd period - Stopped by Jaroslav Halak without a rebound.
0:35 of 2nd period - Jordan Nolan wins face-off versus Pierre-Marc Bouchard in Lightning zone.
1:02 of 2nd period - Danny Richmond is hit by Frans Nielsen and loses puck.
1:07 of 2nd period - Backhand shot by Greg Stewart.
1:07 of 2nd period - Stopped by Jaroslav Halak without a rebound.
1:08 of 2nd period - Robert Nilsson wins face-off versus Frans Nielsen in Lightning zone.
1:08 of 2nd period - Robert Nilsson is hit by Frans Nielsen.
1:18 of 2nd period - Snap shot by Henrik Zetterberg.
1:18 of 2nd period - Deflect By Robert Nilsson.
1:18 of 2nd period - Shot Misses the Net.
1:18 of 2nd period - Puck is out of play.
1:19 of 2nd period - Greg Stewart wins face-off versus Robert Nilsson in Canadiens zone.
1:21 of 2nd period - Icing by Frans Nielsen.
1:22 of 2nd period - Frans Nielsen wins face-off versus Robert Nilsson in Canadiens zone.
1:27 of 2nd period - Slapshot by Raphael Diaz.
1:27 of 2nd period - Stopped by Jaroslav Halak with a rebound.
1:49 of 2nd period - Wrist shot by Daniel Carcillo.
1:49 of 2nd period - Shot Blocked by Raphael Diaz.
1:51 of 2nd period - Wrist shot by Steve Bernier.
1:51 of 2nd period - Shot Misses the Net.
1:53 of 2nd period - Snap shot by Jeff Schultz.
1:53 of 2nd period - Deflect By Daniel Carcillo.
1:53 of 2nd period - Shot Misses the Net.
1:53 of 2nd period - Puck is out of play.
1:54 of 2nd period - Jordan Nolan wins face-off versus Pierre-Marc Bouchard in Canadiens zone.
2:21 of 2nd period - Robert Nilsson is hit by Colton Parayko.
3:23 of 2nd period - Snap shot by Daniel Carcillo.
3:23 of 2nd period - Stopped by Henrik Lundqvist without a rebound.
3:24 of 2nd period - Frans Nielsen wins face-off versus Jordan Nolan in Canadiens zone.
3:31 of 2nd period - Wrist shot by Greg Stewart.
3:31 of 2nd period - Stopped by Jaroslav Halak with a rebound.
3:39 of 2nd period - Steve Bernier is hit by Raphael Diaz and loses puck.
3:58 of 2nd period - Slapshot by Evgeny Dadonov.
3:58 of 2nd period - Shot Blocked by Danny Richmond.
4:00 of 2nd period - Slapshot by Raphael Diaz.
4:00 of 2nd period - Stopped by Jaroslav Halak without a rebound.
4:01 of 2nd period - Robert Nilsson wins face-off versus Frans Nielsen in Lightning zone.
4:27 of 2nd period - Sheldon Keefe is hit by Andrew Alberts and loses puck.
4:40 of 2nd period - Slapshot by Andy Rogers.
4:40 of 2nd period - Stopped by Henrik Lundqvist without a rebound.
4:41 of 2nd period - Frans Nielsen wins face-off versus Jordan Nolan in Canadiens zone.
4:41 of 2nd period - Frans Nielsen is hit by Jordan Nolan.
4:49 of 2nd period - Slapshot by Steve Downie.
4:49 of 2nd period - Shot Blocked by Jordan Nolan.
4:57 of 2nd period - Snap shot by Daniel Carcillo.
4:57 of 2nd period - Stopped by Henrik Lundqvist without a rebound.
4:58 of 2nd period - Pierre-Marc Bouchard wins face-off versus Robert Nilsson in Canadiens zone.
4:58 of 2nd period - Pierre-Marc Bouchard is hit by Jeff Schultz.
5:12 of 2nd period - Slapshot by Evgeny Dadonov.
5:12 of 2nd period - Shot Misses the Net.
5:14 of 2nd period - Wrist shot by Pierre-Marc Bouchard.
5:14 of 2nd period - Shot Misses the Net.
5:28 of 2nd period - Snap shot by Jordan Nolan.
5:28 of 2nd period - Shot Hit the Post.
5:30 of 2nd period - Slapshot by Andy Rogers.
5:30 of 2nd period - Stopped by Henrik Lundqvist without a rebound.
5:31 of 2nd period - Greg Stewart wins face-off versus Jordan Nolan in Canadiens zone.
5:46 of 2nd period - Snap shot by Daniel Carcillo.
5:46 of 2nd period - Stopped by Henrik Lundqvist without a rebound.
5:47 of 2nd period - Pierre-Marc Bouchard wins face-off versus Robert Nilsson in Canadiens zone.
5:47 of 2nd period - Pierre-Marc Bouchard is hit by Andy Rogers.
6:13 of 2nd period - Mark Stuart is hit by Steve Bernier and loses puck.
7:08 of 2nd period - Snap shot by Enver Lisin.
7:08 of 2nd period - Stopped by Jaroslav Halak without a rebound.
7:09 of 2nd period - Jordan Nolan wins face-off versus Frans Nielsen in Lightning zone.
7:49 of 2nd period - Slapshot by Mark Stuart.
7:49 of 2nd period - Stopped by Jaroslav Halak with a rebound.
8:05 of 2nd period - Snap shot by Kris Versteeg.
8:05 of 2nd period - Stopped by Henrik Lundqvist without a rebound.
8:06 of 2nd period - Frans Nielsen wins face-off versus Robert Nilsson in Canadiens zone.
8:37 of 2nd period - Snap shot by Pierre-Marc Bouchard.
8:37 of 2nd period - Stopped by Jaroslav Halak without a rebound.
8:38 of 2nd period - Jan Bulis wins face-off versus Pierre-Marc Bouchard in Lightning zone.
8:49 of 2nd period - Sheldon Keefe is hit by Mark Stuart and loses puck.
8:54 of 2nd period - Slapshot by Pierre-Marc Bouchard.
8:54 of 2nd period - Stopped by Jaroslav Halak without a rebound.
8:55 of 2nd period - Frans Nielsen wins face-off versus Robert Nilsson in Lightning zone.
9:21 of 2nd period - Viktor Stalberg is hit by Steve Bernier and loses puck.
9:28 of 2nd period - Slapshot by Evgeny Dadonov.
9:28 of 2nd period - Deflect By Pierre-Marc Bouchard.
9:28 of 2nd period - Goal by Pierre-Marc Bouchard - Canadiens : 1 - Lightning : 1.
9:29 of 2nd period - Robert Nilsson wins face-off versus Frans Nielsen in neutral zone.
9:36 of 2nd period - Snap shot by Steve Downie.
9:36 of 2nd period - Stopped by Jaroslav Halak with a rebound.
9:38 of 2nd period - Snap shot by Greg Stewart.
9:38 of 2nd period - Shot Misses the Net.
9:40 of 2nd period - Wrist shot by Mark Stuart.
9:40 of 2nd period - Shot Misses the Net.
9:56 of 2nd period - Raphael Diaz is hit by Andy Rogers and loses puck.
10:24 of 2nd period - Off-side.
10:25 of 2nd period - Frans Nielsen wins face-off versus Robert Nilsson in neutral zone.
10:52 of 2nd period - Kurt Sauer is hit by Viktor Stalberg and loses puck.
12:10 of 2nd period - Double Minor Penalty to Kris Versteeg for High sticking.
12:11 of 2nd period - Robert Nilsson wins face-off versus Frans Nielsen in Lightning zone.
13:08 of 2nd period - Danny Richmond is hit by Viktor Stalberg and loses puck.
16:10 of 2nd period - Penalty to Kris Versteeg is over, Kris Versteeg is back on ice.
16:45 of 2nd period - Brett Maclean is hit by Robert Nilsson and loses puck.
17:00 of 2nd period - Slapshot by Gabriel Landeskog.
17:00 of 2nd period - Stopped by Henrik Lundqvist without a rebound.
17:01 of 2nd period - Pierre-Marc Bouchard wins face-off versus Gabriel Landeskog in Canadiens zone.
17:09 of 2nd period - Icing by Jan Bulis.
17:10 of 2nd period - Jordan Nolan wins face-off versus Frans Nielsen in Lightning zone.
17:21 of 2nd period - Wrist shot by Daniel Carcillo.
17:21 of 2nd period - Stopped by Henrik Lundqvist with a rebound.
17:23 of 2nd period - Backhand shot by Justin Schultz.
17:23 of 2nd period - Shot Misses the Net.
17:25 of 2nd period - Slapshot by Daniel Carcillo.
17:25 of 2nd period - Stopped by Henrik Lundqvist with a rebound.
17:56 of 2nd period - Off-side.
17:57 of 2nd period - Dustin Boyd wins face-off versus Jan Bulis in neutral zone.
18:02 of 2nd period - Wrist shot by Brett Maclean.
18:02 of 2nd period - Stopped by Jaroslav Halak with a rebound.
18:08 of 2nd period - Slapshot by Danny Richmond.
18:08 of 2nd period - Shot Blocked by Andrew Alberts.
18:10 of 2nd period - Snap shot by Gabriel Landeskog.
18:10 of 2nd period - Deflect By Jan Bulis.
18:10 of 2nd period - Stopped by Henrik Lundqvist with a rebound.
19:11 of 2nd period - Wrist shot by Brett Maclean.
19:11 of 2nd period - Stopped by Jaroslav Halak with a rebound.
19:23 of 2nd period - Daniel Carcillo is hit by Shaone Morrisonn and loses puck.
Goals for this period are 1 for Canadiens vs 0 for Lightning .
Shots for this period are 13 for Canadiens vs 10 for Lightning .
3rd period
0:01 of 3rd period - Frans Nielsen wins face-off versus Robert Nilsson in neutral zone.
0:36 of 3rd period - Snap shot by Daniel Carcillo.
0:36 of 3rd period - Shot Misses the Net.
0:38 of 3rd period - Slapshot by Andy Rogers.
0:38 of 3rd period - Stopped by Henrik Lundqvist without a rebound.
0:39 of 3rd period - Pierre-Marc Bouchard wins face-off versus Jan Bulis in Canadiens zone.
1:13 of 3rd period - Henrik Zetterberg is hit by Steve Downie and loses puck.
2:34 of 3rd period - Snap shot by Frans Nielsen.
2:34 of 3rd period - Shot Blocked by Kris Versteeg.
2:36 of 3rd period - Snap shot by Frans Nielsen.
2:36 of 3rd period - Deflect By Steve Downie.
2:36 of 3rd period - Shot Misses the Net.
2:36 of 3rd period - Puck is out of play.
2:37 of 3rd period - Robert Nilsson wins face-off versus Pierre-Marc Bouchard in Lightning zone.
3:03 of 3rd period - Wrist shot by Daniel Carcillo.
3:03 of 3rd period - Shot Misses the Net.
3:15 of 3rd period - Wrist shot by Steve Downie.
3:15 of 3rd period - Shot Misses the Net.
3:30 of 3rd period - Snap shot by Brett Maclean.
3:30 of 3rd period - Shot Blocked by Matt Tennyson.
4:03 of 3rd period - Snap shot by Dustin Boyd.
4:03 of 3rd period - Stopped by Jaroslav Halak with a rebound.
4:52 of 3rd period - Snap shot by Henrik Zetterberg.
4:52 of 3rd period - Shot Misses the Net.
4:54 of 3rd period - Snap shot by Henrik Zetterberg.
4:54 of 3rd period - Shot Misses the Net.
4:56 of 3rd period - Snap shot by Henrik Zetterberg.
4:56 of 3rd period - Stopped by Henrik Lundqvist with a rebound.
4:58 of 3rd period - Snap shot by Robert Nilsson.
4:58 of 3rd period - Stopped by Henrik Lundqvist with a rebound.
5:00 of 3rd period - Wrist shot by Henrik Zetterberg.
5:00 of 3rd period - Shot Misses the Net.
5:02 of 3rd period - Slapshot by Andy Rogers.
5:02 of 3rd period - Shot Misses the Net.
5:04 of 3rd period - Slapshot by Andy Rogers.
5:04 of 3rd period - Shot Blocked by Brett Maclean.
5:06 of 3rd period - Backhand shot by Henrik Zetterberg.
5:06 of 3rd period - Shot Misses the Net.
5:08 of 3rd period - Snap shot by Robert Nilsson.
5:08 of 3rd period - Shot Misses the Net.
5:18 of 3rd period - Wrist shot by Robert Nilsson.
5:18 of 3rd period - Shot Misses the Net.
5:20 of 3rd period - Slapshot by Andy Rogers.
5:20 of 3rd period - Stopped by Henrik Lundqvist with a rebound.
5:34 of 3rd period - Slapshot by Henrik Zetterberg.
5:34 of 3rd period - Stopped by Henrik Lundqvist with a rebound.
5:36 of 3rd period - Slapshot by Jeff Schultz.
5:36 of 3rd period - Shot Blocked by David Jones.
5:38 of 3rd period - Snap shot by Robert Nilsson.
5:38 of 3rd period - Stopped by Henrik Lundqvist without a rebound.
5:39 of 3rd period - Jordan Nolan wins face-off versus Steve Downie in Canadiens zone.
5:53 of 3rd period - Off-side.
5:54 of 3rd period - Jan Bulis wins face-off versus Pierre-Marc Bouchard in neutral zone.
5:58 of 3rd period - Minor Penalty to Colton Parayko for Tripping.
5:59 of 3rd period - Tomas Plekanec wins face-off versus Jordan Nolan in Canadiens zone.
6:23 of 3rd period - Andrew Alberts is hit by Danny Richmond and loses puck.
6:44 of 3rd period - Slapshot by Daniel Carcillo.
6:44 of 3rd period - Stopped by Henrik Lundqvist without a rebound.
6:45 of 3rd period - Frans Nielsen wins face-off versus Robert Nilsson in Canadiens zone.
7:07 of 3rd period - Icing by Daniel Carcillo.
7:08 of 3rd period - Tomas Plekanec wins face-off versus Daniel Carcillo in Lightning zone.
7:20 of 3rd period - Mark Stuart is hit by Daniel Carcillo and loses puck.
7:33 of 3rd period - Kris Versteeg is hit by Tomas Plekanec.
7:58 of 3rd period - Penalty to Colton Parayko is over, Colton Parayko is back on ice.
9:04 of 3rd period - Jan Bulis is hit by Raphael Diaz and loses puck.
9:55 of 3rd period - Wrist shot by Pierre-Luc Létourneau.
9:55 of 3rd period - Shot Misses the Net.
10:01 of 3rd period - Mikael Backlund is hit by Colton Parayko.
10:17 of 3rd period - Snap shot by Pierre-Marc Bouchard.
10:17 of 3rd period - Stopped by Jaroslav Halak with a rebound.
10:28 of 3rd period - Off-side.
10:29 of 3rd period - Robert Nilsson wins face-off versus Frans Nielsen in neutral zone.
10:56 of 3rd period - Jeff Schultz is hit by Pierre-Marc Bouchard and loses puck.
11:27 of 3rd period - Icing by Gabriel Landeskog.
11:28 of 3rd period - Frans Nielsen wins face-off versus Jan Bulis in Lightning zone.
11:55 of 3rd period - Danny Richmond is hit by Mark Stuart and loses puck.
12:16 of 3rd period - Snap shot by Enver Lisin.
12:16 of 3rd period - Stopped by Jaroslav Halak with a rebound.
12:18 of 3rd period - Slapshot by Andrew Alberts.
12:18 of 3rd period - Stopped by Jaroslav Halak without a rebound.
12:19 of 3rd period - Jordan Nolan wins face-off versus Tomas Plekanec in Lightning zone.
12:26 of 3rd period - Wrist shot by Enver Lisin.
12:26 of 3rd period - Shot Misses the Net.
13:03 of 3rd period - Wrist shot by Enver Lisin.
13:03 of 3rd period - Shot Misses the Net.
13:05 of 3rd period - Snap shot by Enver Lisin.
13:05 of 3rd period - Shot Misses the Net.
13:07 of 3rd period - Backhand shot by Enver Lisin.
13:07 of 3rd period - Stopped by Jaroslav Halak with a rebound.
13:09 of 3rd period - Backhand shot by Tomas Plekanec.
13:09 of 3rd period - Shot Misses the Net.
13:29 of 3rd period - Wrist shot by Enver Lisin.
13:29 of 3rd period - Stopped by Jaroslav Halak with a rebound.
13:31 of 3rd period - Slapshot by Raphael Diaz.
13:31 of 3rd period - Stopped by Jaroslav Halak with a rebound.
13:33 of 3rd period - Snap shot by Enver Lisin.
13:33 of 3rd period - Deflect By Charles Hudon.
13:33 of 3rd period - Shot Blocked by Kurt Sauer.
13:33 of 3rd period - Puck is out of play.
13:34 of 3rd period - Frans Nielsen wins face-off versus Robert Nilsson in Lightning zone.
13:41 of 3rd period - Wrist shot by Steve Downie.
13:41 of 3rd period - Stopped by Jaroslav Halak with a rebound.
13:43 of 3rd period - Snap shot by Frans Nielsen.
13:43 of 3rd period - Stopped by Jaroslav Halak with a rebound.
14:09 of 3rd period - Wrist shot by Jordan Nolan.
14:09 of 3rd period - Shot Blocked by Colton Parayko.
14:34 of 3rd period - Vitaly Vishnevsky is hit by Jeff Schultz and loses puck.
15:09 of 3rd period - Pierre-Marc Bouchard is hit by Danny Richmond and loses puck.
15:32 of 3rd period - Wrist shot by Jordan Nolan.
15:32 of 3rd period - Stopped by Henrik Lundqvist with a rebound.
15:34 of 3rd period - Slapshot by Steve Bernier.
15:34 of 3rd period - Goal by Steve Bernier - Canadiens : 1 - Lightning : 2.
15:35 of 3rd period - Jan Bulis wins face-off versus Frans Nielsen in neutral zone.
16:22 of 3rd period - Andy Rogers is hit by David Jones and loses puck.
16:31 of 3rd period - Snap shot by Dustin Boyd.
16:31 of 3rd period - Shot Blocked by Jordan Nolan.
16:44 of 3rd period - Off-side.
16:45 of 3rd period - Frans Nielsen wins face-off versus Mikael Backlund in neutral zone.
17:30 of 3rd period - Minor Penalty to Danny Richmond for Tripping.
17:31 of 3rd period - Viktor Stalberg wins face-off versus Robert Nilsson in Lightning zone.
17:32 of 3rd period - Snap shot by Frans Nielsen.
17:32 of 3rd period - Shot Blocked by Andy Rogers.
17:50 of 3rd period - Robert Nilsson is hit by Frans Nielsen and loses puck.
18:05 of 3rd period - Slapshot by Steve Downie.
18:05 of 3rd period - Shot Misses the Net.
18:17 of 3rd period - Snap shot by Steve Downie.
18:17 of 3rd period - Shot Misses the Net.
18:40 of 3rd period - Raphael Diaz is hit by Jordan Nolan and loses puck.
18:51 of 3rd period - Snap shot by Henrik Zetterberg.
18:51 of 3rd period - Shot Misses the Net.
18:55 of 3rd period - Snap shot by Jordan Nolan.
18:55 of 3rd period - Goal by Jordan Nolan - Canadiens : 1 - Lightning : 3.
18:56 of 3rd period - Pierre-Marc Bouchard wins face-off versus Robert Nilsson in neutral zone.
19:30 of 3rd period - Penalty to Danny Richmond is over, Danny Richmond is back on ice.
19:37 of 3rd period - Robert Nilsson is hit by Dustin Boyd and loses puck.
19:44 of 3rd period - Wrist shot by Danny Richmond.
19:44 of 3rd period - Stopped by Henrik Lundqvist with a rebound.
19:58 of 3rd period - Dustin Boyd is hit by Sheldon Keefe and loses puck.
Goals for this period are 0 for Canadiens vs 2 for Lightning .
Shots for this period are 9 for Canadiens vs 11 for Lightning .
Back to the Top